 Dungeon Crawl Stone Soup version 0.32-a0-666-ge8a88695a4 (webtiles) character file.

Game seed: 11109191473794103443

866 ASSMAN the Covert (level 7, -5/51 HPs)
             Began as a Vampire Delver on Mar 9, 2024.
             Slain by a lemure (7 damage)
             ... led by Pikel
             ... on level 5 of the Dungeon.
             The game lasted 00:10:33 (3644 turns).

ASSMAN the Covert (Vampire Delver)                  Turns: 3644, Time: 00:10:34

Health: -5/51      AC:  5    Str: 15    XL:     7   Next: 72%
Magic:  7/7        EV: 12    Int: 11    God:
Gold:   67         SH:  0    Dex: 23    Spells: 6/6 levels left

rFire   + . .        e - +1 whip (venom)
rCold   + . .        (no shield)
rNeg    . . .        b - +0 leather armour
rPois   .            (no helmet)
rElec   .            i - scarf {rC+ rF+}
rCorr   .            (no gloves)
SInv    +            k - +1 pair of boots
Will    ++...        (no amulet)
Stlth   +++++        s - +6 ring of dexterity
HPRegen 0.48/turn    q - ring of willpower
MPRegen 0.10/turn

%: no passive effects
@: about to teleport, healing quickly
A: alive, fangs 3, see invisible, vampiric 2, strong-willed 1, strong 1
a: Exsanguinate


You were on level 5 of the Dungeon.
You visited 1 branch of the dungeon, and saw 5 of its levels.

You collected 152 gold pieces.
You spent 85 gold pieces at shops.

Inventory:

Hand Weapons
 e - a +1 whip of venom (weapon)
 w - a +1 dagger of protection
Armour
 b - a +0 leather armour (worn)
 i - a scarf of resistance (worn)
 k - a +1 pair of boots (worn)
 u - a scarf of harm
Jewellery
 n - a ring of wizardry
 q - a ring of willpower (right hand)
 s - a +6 ring of dexterity (left hand)
Talismans
 h - a dragon-blood talisman
 x - a flux talisman
Wands
 a - a wand of polymorph (3)
 g - a wand of digging (9)
 y - a wand of charming (2)
Scrolls
 c - 2 scrolls of fog
 d - a scroll of revelation
 m - a scroll of identify
 z - 2 scrolls of amnesia
 A - a scroll of enchant weapon
Potions
 f - 4 potions of haste
 j - a potion of enlightenment
 l - a potion of attraction
 v - 3 potions of degeneration


   Skills:
 - Level 2.6 Fighting
 - Level 2.1 Short Blades
 - Level 2.1 Dodging
 + Level 12.7 Stealth
 + Level 5.3 Shapeshifting


You had 6 spell levels left.
You didn't know any spells.
Your spell library contained the following spells:

 Spells                   Type           Power      Damage    Failure   Level
 Call Canine Familiar     Summ           0%         N/A       78%         3
 Sigil of Binding         Hex            0%         N/A       78%         3
 Dimensional Bullseye     Hex/Tloc       0%         N/A       99%         4


Dungeon Overview and Level Annotations

Branches:
Dungeon (5/15)
 Temple: D:4-7

Altars:
Gozag
Vehumet

Shops:
D:1 =   D:5 *

Annotations:
D:5 Pikel


Innate Abilities, Weirdness & Mutations

Your natural rate of healing is accelerated.
You have razor-sharp teeth.
You have supernaturally acute eyesight. (SInv)
You are afflicted with vampirism and can become a bat while bloodless.
You are strong-willed. (Will+)
Your muscles are strong. (Str +4, Int/Dex -1)


Message History

You see here a +0 flail.
You hit Pikel.
Pikel is lightly wounded.
Pikel hits you with a +1 whip of freezing.
You barely miss Pikel. You bite Pikel, but do no damage.
Pikel is lightly wounded.
Pikel hits you with a +1 whip of freezing.
Pikel freezes you. The lemure hits you.
You barely miss Pikel.
Pikel is lightly wounded.
Pikel hits you with a +1 whip of freezing.
Pikel freezes you. The lemure hits you.
You closely miss Pikel.
Pikel is lightly wounded.
Pikel hits you with a +1 whip of freezing!
The lemure hits you.
You closely miss Pikel. You bite Pikel, but do no damage.
Pikel is lightly wounded.
Pikel hits you with a +1 whip of freezing.
Pikel freezes you. The lemure hits you.
* * * LOW HITPOINT WARNING * * *
As you read the scroll of teleportation, it crumbles to dust.
You feel strangely unstable.
Pikel hits you with a +1 whip of freezing!
* * * LOW HITPOINT WARNING * * *
Pikel freezes you.
* * * LOW HITPOINT WARNING * * *
The lemure barely misses you.
Okay, then.
Okay, then.
You hit Pikel but do no damage.
Pikel is poisoned.
Pikel is lightly wounded.
Pikel hits you with a +1 whip of freezing!
* * * LOW HITPOINT WARNING * * *
The lemure barely misses you.
You hit Pikel but do no damage.
Pikel looks as sick as possible!
You bite Pikel.
Pikel is lightly wounded.
Pikel barely misses you. The lemure hits you!
You die...

*,* ###..#.# *,* *,*
#....#.# *,***** *,*
#.#.##.# *,,,,,, *,*
#.#5##.# ******* *,*
#.#.##.# *,*
#.#.##.######*****
****,*
#.#†......K.o,,,,,
*,,,,*
#5##....####******
*,**** #@##>.<.# *,*
##K##.#### *,*
#######.∩..†##
#.###....).......#######
#........#####.........#
#####.##.# #..######.#
#.##.# #..# #.# #.##.#
#..# #.#### #.##.# #..#
#....#


You could see Pikel (extremely poisoned) and a lemure.

Vanquished Creatures
  Grinder (D:5)
  2 scorpions
  A howler monkey (D:5)
  5 bombardier beetles
  2 iguanas (D:5)
  Natasha (thrice) (D:3)
  3 orc wizards
  4 gnolls (D:5)
  4 adders
  4 ribbon worms
  A dart slug (D:2)
  10 orcs
  3 bats (D:2)
  6 endoplasms
  2 giant cockroaches (D:2)
  2 goblins
  3 hobgoblins
  5 jackals
  3 quokkas
  3 ball pythons
  5 kobolds
  6 rats
78 creatures vanquished.

Notes
Turn   | Place    | Note
-------+----------+-------------------------------------------
     0 | D:5      | ASSMAN the Vampire Delver began the quest for the Orb.
     0 | D:5      | Reached XP level 1. HP: 17/17 MP: 1/1
   100 | D:2      | Noticed a bombardier beetle
   104 | D:2      | Reached skill level 8 in Stealth
   104 | D:2      | Reached XP level 2. HP: 23/23 MP: 2/2
   145 | D:1      | Found Habat's Jewellery Emporium.
   672 | D:2      | Gained mutation: You are afflicted with vampirism and can
                  | become a bat while bloodless. [Vampire growth]
   672 | D:2      | Reached XP level 3. HP: 27/28 MP: 3/3
   718 | D:2      | Reached skill level 9 in Stealth
   755 | D:2      | Reached XP level 4. HP: 34/34 MP: 4/4
  1403 | D:3      | Reached skill level 1 in Shapeshifting
  1580 | D:3      | Reached skill level 10 in Stealth
  1649 | D:3      | Noticed Natasha
  1656 | D:3      | Killed Natasha
  1657 | D:3      | Reached XP level 5. HP: 39/39 MP: 5/5
  1963 | D:3      | Noticed Natasha
  2170 | D:3      | Killed Natasha
  2287 | D:4      | Found an opulent altar of Gozag.
  2311 | D:4      | Found an opulent altar of Gozag.
  2358 | D:4      | Reached XP level 6. HP: 46/46 MP: 6/6
  2370 | D:4      | Reached skill level 11 in Stealth
  2587 | D:3      | Noticed Natasha
  2595 | D:3      | Killed Natasha
  2695 | D:4      | Found a radiant altar of Vehumet.
  2743 | D:4      | Found an opulent altar of Gozag.
  2748 | D:4      | Found an opulent altar of Gozag.
  2964 | D:5      | Reached XP level 7. HP: 35/51 MP: 7/7
  3018 | D:5      | Found Istrusimi's Assorted Antiques.
  3229 | D:5      | Noticed Grinder
  3236 | D:5      | Killed Grinder
  3237 | D:5      | Reached skill level 12 in Stealth
  3237 | D:5      | Reached skill level 5 in Shapeshifting
  3316 | D:5      | Gained mutation: You are strong-willed. (Will+) [potion of
                  | mutation]
  3316 | D:5      | Gained mutation: Your muscles are strong. (Str +4, Int/Dex
                  | -1) [potion of mutation]
  3605 | D:5      | Bought a runed emerald ring for 85 gold pieces
  3625 | D:5      | Noticed Pikel
  3643 | D:5      | HP: 1/51 [Pikel/+1 whip of freezing (7)]
  3644 | D:5      | Slain by a lemure

Illustrated notes

Levels and vault maps discovered:
D:1:      lemuel_arrival_rhombus, layout_basic, serial_shops,
          nicolae_shop_hallway_plus, chequers_avenue, reono_crystal_passage,
          hex_tiny
D:2:      layout_rooms, due_unseen_surprise
D:3:      layout_loops_corners, minmay_misc_feat_enclosed,
          kennysheep_cross_bottleneck, uniq_natasha
D:4:      layout_cave_pools, kennysheep_little_box,
          nicolae_gozag_conspicuous_consumption
D:5:      layout_loops_ring, serial_shops, shop, shop,
          nicolae_book_shop_shelving, shop, uniq_grinder, uniq_pikel,
          uniq_prince_ribbit1

Skill      XL: |  1  2  3  4  5  6  7 |
---------------+----------------------+-----
Stealth        | 8 9 10 11 12 | 12.7
Shapeshifting  | 1 3 4 5 |  5.3
Fighting       | |  2.6
Short Blades   | |  2.1
Dodging        | |  2.1

Action                     |  1- 3 |  4- 6 |  7- 9 || total
---------------------------+-------+-------+-------++-------
  Melee: Short sword       |    57 |   133 |       ||   190
         Bite              |     8 |    15 |    15 ||    38
         Dagger            |       |    53 |    84 ||   137
         Whip              |       |       |    25 ||    25
    Use: Scroll            |       |     6 |     8 ||    14
         Potion            |       |       |     4 ||     4
   Stab: Sleeping          |    10 |    15 |     2 ||    27
 Armour: Leather armour    |    15 |    80 |    49 ||   144
         Skin              |       |       |    41 ||    41
  Dodge: Dodged            |    17 |   100 |    48 ||   165

Table legend: (Time is in decaauts)
 A = Elapsed time spent in this place.
 B = Non-inter-level travel time spent in this place.
 C = Inter-level travel time spent in this place.
 D = Time resting spent in this place.
 E = Time spent auto-exploring this place.
 F = Levels seen in this place.
 G = Mean time per level.
                   A        B        C        D        E       F      G
               +--------+--------+--------+--------+--------+-----+--------+
         Total |   3614 |   3396 |    218 |    378 |   2059 |   5 |  722.8 |
       Dungeon |   3614 |   3396 |    218 |    378 |   2059 |   5 |  722.8 |
               +--------+--------+--------+--------+--------+-----+--------+

Top non-repeatable levels by time:
     D:3: 1242 daAuts
     D:4: 647 daAuts
     D:2: 643 daAuts
     D:5: 557 daAuts
     D:1: 522 daAuts
